 Dungeon Sprint DCSS version 0.29.1-15-g9cfb28693d (webtiles) character file.

Game seed: 17382620363292968112

18241 nightchill the Slayer (level 12, -3/139 HPs)
             Began as a Minotaur Fighter on Mar 2, 2023.
             Was an Initiate of Gozag.
             Slain by a quicksilver dragon (25 damage)
             ... in the Dungeon (Sprint V: "Ziggurat Sprint").
             The game lasted 00:11:39 (1205 turns).

nightchill the Slayer (Minotaur Fighter)            Turns: 1205, Time: 00:11:40

Health: -3/139     AC: 21    Str: 25    XL:     12   Next: 26%
Magic:  11/11      EV:  2    Int:  5    God:    Gozag
Gold:   2579       SH: 33    Dex:  9    Spells: 11/11 levels left

rFire   + . .      SeeInvis +   l - +14 obsidian axe {vorpal, Mesm Drain Fly SInv}
rCold   . . .      Faith    .   m - +18 shield of the Gong {rElec rN+ Will+ EV-5}
rNeg    + . .      Spirit   .   x - +7 plate armour of the Exiled Gods {rF+ Will++ Regen+ Dex-2}
rPois   +          Reflect  .   (helmet restricted)
rElec   +          Harm     .   (no cloak)
rCorr   +          Rampage  .   (no gloves)
Will    +++++      NoTele   +   (no boots)
Stlth   ..........              S - amulet "Ysehixti" {RegenMP Will+ rCorr}
HPRegen 1.13/turn               Q - ring of poison resistance
MPRegen 0.52/turn               r - ring of willpower

@: flying, mesmerised
A: horns 2, retaliatory headbutt
a: Renounce Religion, Potion Petition, Call Merchant, Bribe Branch


You were in the Dungeon.
You worshipped Gozag.
Gozag was most pleased with you.
You visited 1 branch You collected 4437 gold pieces.
You paid 1858 gold pieces to Gozag.

Inventory:

Hand Weapons
 a - a +0 war axe
 k - a +5 broad axe
 l - the +14 obsidian axe (weapon) {vorpal, Mesm Drain Fly SInv}
   (You found it in the Dungeon)

   It inflicts extra damage upon your enemies.
   It occasionally summons demons to assist the wielder when it strikes in
   combat.
   Its wielder is mesmerised by any visible foes.
   It cannot be unequipped while any foes are visible.
   SInv:      It lets you see invisible.
   Fly:       It grants you flight.
   Drain:     It drains your maximum health when unequipped.
Armour
 b - a +0 scale mail
 c - a +0 buckler
 m - the +18 shield of the Gong (worn) {rElec rN+ Will+ EV-5}
   (You found it in the Dungeon)

   It is deafeningly noisy when blocking attacks.
   EV:        It affects your evasion (-5).
   rElec:     It insulates you from electricity.
   rN:        It protects you from negative energy.
   Will:      It increases your willpower.
 n - +5 gold dragon scales
 x - the +7 plate armour of the Exiled Gods (worn) {rF+ Will++ Regen+ Dex-2}
   (You found it in the Dungeon)

   Dex:       It affects your dexterity (-2).
   rF:        It protects you from fire.
   Regen:     It increases your rate of health regeneration.
   Will:      It greatly increases your willpower.
Jewellery
 r - a ring of willpower (right hand)
 w - a ring of flight
 y - a ring of positive energy
 B - a +6 ring of strength
 L - a ring of positive energy
 M - a ring of resist corrosion
 O - the ring of the Sixty-Six Mouths {rElec rPois rC- Will- Dex+6}
   (You found it in the Dungeon)

   [ring of dexterity]

   Dex:       It affects your dexterity (+6).
   rC:        It makes you vulnerable to cold.
   rElec:     It insulates you from electricity.
   rPois:     It protects you from poison.
   Will:      It decreases your willpower.
 Q - a ring of poison resistance (left hand)
 S - the amulet "Ysehixti" (around neck) {RegenMP Will+ rCorr}
   (You found it in the Dungeon)

   [amulet of magic regeneration]

   It increases your rate of magic regeneration.
   rCorr:     It protects you from acid and corrosion.
   Will:      It increases your willpower.
Wands
 D - a wand of mindburst (7)
 E - a wand of iceblast (7)
 F - a wand of acid (7)
Scrolls
 j - 4 scrolls of blinking
 s - 4 scrolls of amnesia
 t - 7 scrolls of butterflies
 u - 5 scrolls of identify
 v - 2 scrolls of fear
 K - 2 scrolls of brand weapon
Potions
 d - 6 potions of might
 e - 10 potions of curing
 f - 10 potions of heal wounds
 g - 6 potions of haste
 h - 7 potions of magic
 i - 3 potions of berserk rage
 o - 2 potions of brilliance
 p - 2 potions of invisibility
 q - 4 potions of resistance
Miscellaneous
 H - a tin of tremorstones (2/2)
 I - a condenser vane
 P - a phantom mirror
 R - a phial of floods


   Skills:
 + Level 22.9 Fighting
 - Level 18.0 Axes
 * Level 10.0 Armour
 - Level 22.0 Shields
 + Level 1.3 Evocations


You had 11 spell levels left.
You didn't know any spells.
Your spell library contained the following spells:

 Spells                   Type           Power      Damage    Failure   Level
 Apportation              Tloc           0%         N/A       100%        1
 Shock                    Conj/Air       0%         1d3       100%        1
 Ensorcelled Hibernation  Hex/Ice        0%         N/A       100%        2
 Call Canine Familiar     Summ           0%         N/A       100%        3
 Dazzling Flash           Conj/Hex       0%         N/A       100%        3
 Inner Flame              Hex/Fire       0%         N/A       100%        3
 Portal Projectile        Hex/Tloc       0%         N/A       100%        3
 Spider Form              Tmut/Pois      0%         N/A       100%        3
 Stone Arrow              Conj/Erth      0%         3d7       100%        3
 Summon Guardian Golem    Hex/Summ       0%         N/A       100%        3
 Swiftness                Air            0%         N/A       100%        3
 Airstrike                Air            0%         2d(0-16)  100%        4
 Anguish                  Hex/Necr       0%         N/A       100%        4
 Animate Armour           Summ/Erth      0%         N/A       100%        4
 Cause Fear               Hex            0%         N/A       100%        4
 Dispel Undead            Necr           0%         3d6       100%        4
 Iskenderun's Mystic Bla  Conj/Tloc      0%         2d3       100%        4
 Leda's Liquefaction      Hex/Erth       0%         N/A       100%        4
 Olgreb's Toxic Radiance  Pois           0%         N/A       100%        4
 Agony                    Necr           0%         N/A       100%        5
 Fireball                 Conj/Fire      0%         3d3       100%        5
 Lee's Rapid Deconstruct  Erth           0%         3d5*      100%        5
 Silence                  Hex/Air        0%         N/A       100%        5
 Summon Forest            Summ/Tloc      0%         N/A       100%        5
 Summon Mana Viper        Hex/Summ       0%         N/A       100%        5
 Conjure Ball Lightning   Conj/Air       0%         3x3d6     100%        6
 Death Channel            Necr           0%         N/A       100%        6
 Iron Shot                Conj/Erth      0%         9d1       100%        6
 Starburst                Conj/Fire      0%         6d3       100%        6
 Summon Cactus Giant      Summ           0%         N/A       100%        6
 Dragon Form              Tmut           0%         N/A       100%        7
 Enfeeble                 Hex            0%         N/A       100%        7
 Summon Hydra             Summ           0%         N/A       100%        7
 Discord                  Hex            0%         N/A       100%        8
 Disjunction              Tloc           0%         N/A       100%        8
 Ignition                 Fire           0%         3d3       100%        8
 Lehudib's Crystal Spear  Conj/Erth      0%         10d2      100%        8
 Corpse Rot               Necr/Pois/Air  Unusable   N/A       N/A         4

Dungeon Overview and Level Annotations

Branches:
Dungeon (1/1)

Altars:
Ashenzari
Cheibriados
Dithmenos
Elyvilon
Fedhas
Gozag
Hepliaklqana
Kikubaaqudgha
Makhleb
Nemelex Xobeh
Okawaru
Qazlal
Ru
Sif Muna
Trog
Uskayaw
Vehumet
Wu Jian
Xom
Yredelemnul
Zin
The Shining One
Jiyva
Lugonu

Annotations:
D 1 transporter


Innate Abilities, Weirdness & Mutations

You have a pair of horns on your head.
You reflexively headbutt those who attack you in melee.


Message History

GONNNNG!
You closely miss the green draconian. You slash the yellow draconian!
You slash the Orb Guardian! You slash the quicksilver dragon!
Visions of slaying the Orb Guardian flood into your mind.
You block the quicksilver dragon's attack.
GONNNNG!
You block the quicksilver dragon's attack.
PANG!
You block the quicksilver dragon's attack.
PANG!
You block the quicksilver dragon's attack.
GONNNNG!
Your neqoxec hits the white draconian but does no damage.
The Orb Guardian hits you!!
* * * LOW HITPOINT WARNING * * *
You open the green draconian like a pillowcase!!!
Your headbutt misses the green draconian.
The green draconian is heavily wounded.
You hit the Orb Guardian but do no damage.
You slash the quicksilver dragon! You open a gate to Pandemonium!
A demon appears!
You hit the yellow draconian. You open a gate to Pandemonium!
A demon appears!
Visions of slaying the yellow draconian flood into your mind.
You block the quicksilver dragon's attack.
SHROANNG!
You block the quicksilver dragon's attack.
GONNNNG!
You block the white draconian's attack.
BOUMMMMG!
The green draconian hits you with a +0 dire flail!!
* * * LOW HITPOINT WARNING * * *
The green draconian tail-slaps you but does no damage.
You block the yellow draconian's attack.
PANG!
The yellow draconian closely misses your neqoxec.
The Orb Guardian hits you!
* * * LOW HITPOINT WARNING * * *
Your neqoxec hits the white draconian. The quicksilver dragon bites you!!
You die...
Your body crumbles into a pile of gold.

▓........
▓....8©8....▓...)©)..
▓..:[.|=):..▓▓▓▓▓▓▓▓▓
▓...:[|=:...▓...8©8..
▓...........▓...)))..
▓...z.y.....▓...[....
▓..ddqD.....▓........
▓.4ddXdd....▓........
▓@D3..▓ ▓........
▓▓.4.▓▓ ▓........
▓..▓.....▓..▓.▓.....▓
▓.....©.....▓....©...
▓▓▓▓▓▓▓▓▓▓▓▓▓▓▓▓▓▓▓▓▓
▓...8©8...▓..~8©8~.~▓
▓...)}.)).▓..|}=~"..▓
▓..).|.)..▓..))~)[)~▓
▓.........▓....).~~.▓


You could see a green draconian monk, 2 draconians, a green draconian, 2
draconians, a white draconian, a death cob, 2 quicksilver dragons, an Orb
Guardian, a moth of wrath, a friendly orange demon (summoned), a friendly rust
devil (summoned) and a friendly neqoxec (summoned).

Vanquished Creatures
  A vampire knight (D)
  A merfolk javelineer (D)
  3 merfolk impalers (D)
  2 dancing weapons (D)
  A vampire mage (D)
  A thrashing horror (D)
  2 deep elf knights (D)
  2 skeletal warriors (D)
  2 deep elf pyromancers (D)
  2 necromancers (D)
  A deep elf archer (D)
  3 deep elf zephyrmancers (D)
  An apocalypse crab (D)
  A toenail golem (D)
  A water nymph (D)
  A cane toad (D)
  A komodo dragon (D)
  2 merfolk (D)
  An air elemental (D)
  2 shadows (D)
  A yak (D)
  2 hell hounds (D)
  A floating eye (D)
  A wolf (D)
  2 wights (D)
  2 quasits (D)
  An iron imp (D)
  A shadow imp (D)
  A white imp (D)
  3 ufetubi (D)
  An endoplasm (D)
  A jackal (D)
  A ball python skeleton (D)
  A ball python zombie (D)
  A quokka zombie (D)
51 creatures vanquished.

Vanquished Creatures (collateral kills)
  A deep elf elementalist (D)
  2 dancing weapons (D)
  A satyr (D)
  2 deep elf zephyrmancers (D)
  A toenail golem (D)
  A merfolk (D)
  A shadow (D)
  A floating eye (D)
  A phantom (D)
  2 wights (D)
  A quasit (D)
  2 jellies (D)
  An iguana (D)
  An ufetubus (D)
  An adder skeleton (D)
  2 bat zombies (D)
  2 ball python skeletons (D)
23 creatures vanquished.

Vanquished Creatures (others)
  A merfolk javelineer (D)
1 creature vanquished.

Grand Total: 75 creatures vanquished

Notes
Turn   | Place    | Note
-------+----------+-------------------------------------------
     0 | D        | nightchill the Minotaur Fighter began the quest for the
                  | Orb.
     0 | D        | Reached XP level 1. HP: 19/19 MP: 0/0
     2 | D        | Found a blossoming altar of Fedhas.
     2 | D        | Found the +6 Majin-Bo {vamp, MP+6 Int+6}
     2 | D        | Found the +9 heavy crossbow "Sniper" {vorpal, Acc+∞ SInv}
     2 | D        | Found the +10 dark maul {vorpal}
     2 | D        | Found the +15 Maxwell's patent armour {-Cast -Tele rElec
                  | Will+ rCorr}
     2 | D        | Found the +18 shield of the Gong {rElec rN+ Will+ EV-5}
     2 | D        | Found the +14 obsidian axe {vorpal, Mesm Drain Fly SInv}
     2 | D        | Found the +7 great mace "Firestarter" {inner flame, rF++}
     2 | D        | Found the +6 shillelagh "Devastator" {shatter}
     2 | D        | Found the +11 plutonium sword {Contam Stlth-}
     2 | D        | Found the +8 lance "Wyrmbane" {slay drac, rPois rF+ rC+
                  | AC+3}
     2 | D        | Found the +9 sword of Zonguldrok {reap}
     2 | D        | Found the +13 scythe of Curses {drain, Drain}
     2 | D        | Found the +5 sword of Power {vorpal}
     2 | D        | Found the +7 mace of Variability {chain chaos}
     2 | D        | Found the +7 Singing Sword {vorpal, sonic wave}
     2 | D        | Found the +8 storm bow {elec, penet}
     3 | D        | Found a viscous altar of Jiyva.
     3 | D        | Found a hazy altar of Hepliaklqana.
     3 | D        | Found a transporter.
     3 | D        | Found an opulent altar of Gozag.
     3 | D        | Found an ancient bone altar of Kikubaaqudgha.
     3 | D        | Found a corrupted altar of Lugonu.
     8 | D        | Found a burning altar of Makhleb.
     9 | D        | Found an iron altar of Okawaru.
     9 | D        | Found a stormy altar of Qazlal.
     9 | D        | Found a sparkling altar of Nemelex Xobeh.
     9 | D        | Found a sacrificial altar of Ru.
     9 | D        | Found a shimmering blue altar of Sif Muna.
    27 | D        | Found a bloodstained altar of Trog.
    65 | D        | Reached XP level 2. HP: 26/26 MP: 1/1
   115 | D        | Became a worshipper of Gozag Ym Sagoz the Greedy
   132 | D        | Entered arena 2.
   132 | D        | Noticed a toenail golem
   132 | D        | Noticed a toenail golem
   132 | D        | Found a transporter.
   136 | D        | Killed a toenail golem
   137 | D        | Reached XP level 3. HP: 42/42 MP: 2/2
   137 | D        | Reached XP level 4. HP: 50/50 MP: 3/3
   137 | D        | Reached XP level 5. HP: 57/57 MP: 4/4
   137 | D        | Reached XP level 6. HP: 63/63 MP: 5/5
   137 | D        | Killed a toenail golem
   138 | D        | Reached skill level 10 in Fighting
   138 | D        | Reached XP level 7. HP: 73/73 MP: 6/6
   147 | D        | Entered arena 3.
   147 | D        | Found a transporter.
   164 | D        | Entered arena 4.
   164 | D        | Found a transporter.
   167 | D        | Noticed a ynoxinul
   191 | D        | Entered arena 5.
   191 | D        | Found the +8 trishula "Condemnation" {holy, anguish, *Noise
                  | Fly rN+}
   191 | D        | Found a transporter.
   195 | D        | Reached skill level 5 in Shields
   243 | D        | Entered arena 6.
   243 | D        | Found a transporter.
   246 | D        | Reached XP level 8. HP: 82/82 MP: 7/7
   262 | D        | Entered arena 7.
   262 | D        | Noticed a komodo dragon
   262 | D        | Noticed a cane toad
   263 | D        | Found a transporter.
   266 | D        | Killed a cane toad
   269 | D        | Killed a komodo dragon
   291 | D        | Entered arena 8.
   292 | D        | Found a transporter.
   293 | D        | Reached skill level 10 in Shields
   293 | D        | Reached XP level 9. HP: 95/95 MP: 8/8
   315 | D        | Entered arena 9.
   315 | D        | Noticed a deep elf zephyrmancer
   315 | D        | Noticed a deep elf zephyrmancer
   315 | D        | Noticed a +1 scimitar of electrocution
   315 | D        | Noticed a deep elf elementalist
   315 | D        | Noticed a deep elf zephyrmancer
   315 | D        | Noticed a +2 flail of protection
   315 | D        | Noticed a deep elf pyromancer
   315 | D        | Killed a deep elf zephyrmancer
   316 | D        | Reached skill level 15 in Fighting
   320 | D        | Killed a deep elf pyromancer
   321 | D        | Found a transporter.
   322 | D        | Killed a +2 flail of protection
   324 | D        | Killed a deep elf zephyrmancer
   325 | D        | Reached XP level 10. HP: 69/111 MP: 9/9
   327 | D        | Killed a deep elf elementalist
   327 | D        | Killed a +1 scimitar of electrocution
   328 | D        | Reached skill level 15 in Shields
   328 | D        | Killed a deep elf zephyrmancer
   495 | D        | Entered arena 10.
   495 | D        | Noticed an apocalypse crab
   495 | D        | Noticed a thrashing horror
   496 | D        | Found a transporter.
   500 | D        | Killed a thrashing horror
   506 | D        | Killed an apocalypse crab
   523 | D        | Got Kaph's Incunabulum of Greatest Risks and Utility
   541 | D        | Entered arena 11.
   541 | D        | Noticed a deep elf knight
   541 | D        | Noticed a deep elf knight
   541 | D        | Noticed a deep elf zephyrmancer
   541 | D        | Noticed a +6 vorpal scimitar
   541 | D        | Noticed a deep elf zephyrmancer
   541 | D        | Noticed a +2 dire flail of holy wrath
   541 | D        | Noticed a deep elf pyromancer
   541 | D        | Noticed a deep elf archer
   542 | D        | Found a transporter.
   545 | D        | Killed a deep elf pyromancer
   545 | D        | Killed a +6 vorpal scimitar
   545 | D        | Paralysed by an air elemental for 1 turns
   546 | D        | Reached XP level 11. HP: 111/124 MP: 10/10
   547 | D        | Killed a +2 dire flail of holy wrath
   548 | D        | Killed a deep elf zephyrmancer
   550 | D        | Killed a deep elf knight
   551 | D        | Killed a deep elf knight
   555 | D        | Killed a deep elf zephyrmancer
   564 | D        | Killed a deep elf archer
   853 | D        | Got the ring of the Sixty-Six Mouths {rElec rPois rC- Will-
                  | Dex+6}
   865 | D        | Entered arena 12.
   865 | D        | Noticed a merfolk javelineer
   865 | D        | Noticed a merfolk impaler
   865 | D        | Noticed a merfolk impaler
   865 | D        | Noticed a merfolk javelineer
   866 | D        | Noticed a merfolk impaler
   866 | D        | Noticed a satyr
   867 | D        | Found a transporter.
   872 | D        | Killed a merfolk impaler
   873 | D        | Killed a merfolk impaler
   873 | D        | Killed a merfolk impaler
   874 | D        | Reached skill level 5 in Armour
   875 | D        | Killed a merfolk javelineer
   878 | D        | Killed a satyr
   882 | D        | Killed a merfolk javelineer
  1092 | D        | Got the amulet "Ysehixti" {RegenMP Will+ rCorr}
  1105 | D        | Got the +7 plate armour of the Exiled Gods {rF+ Will++
                  | Regen+ Dex-2}
  1130 | D        | Entered arena 13.
  1130 | D        | Noticed a vampire mage
  1130 | D        | Noticed a skeletal warrior
  1131 | D        | Noticed a necromancer
  1131 | D        | Noticed a necromancer
  1131 | D        | Noticed a skeletal warrior
  1131 | D        | Noticed a vampire knight
  1133 | D        | Found a transporter.
  1136 | D        | Killed a skeletal warrior
  1137 | D        | Reached XP level 12. HP: 139/139 MP: 11/11
  1140 | D        | Killed a vampire mage
  1142 | D        | Killed a vampire knight
  1149 | D        | Reached skill level 10 in Armour
  1149 | D        | Reached skill level 1 in Evocations
  1174 | D        | Got the Quarto of Vexing Poisoning
  1177 | D        | Got Haarhen's Secrets of the Traveller and Grit
  1198 | D        | Entered arena 14.
  1199 | D        | Noticed a green draconian
  1199 | D        | Noticed a purple draconian
  1199 | D        | Noticed an Orb Guardian
  1199 | D        | Noticed a white draconian
  1199 | D        | Noticed a quicksilver dragon
  1199 | D        | Noticed a purple draconian
  1199 | D        | Noticed a yellow draconian
  1199 | D        | Noticed a green draconian monk
  1200 | D        | Noticed a quicksilver dragon
  1200 | D        | Noticed a yellow draconian
  1201 | D        | Noticed a death cob
  1203 | D        | Found a transporter.
  1205 | D        | Slain by a quicksilver dragon

Illustrated notes

Levels and vault maps discovered:
D:        sprint_v [room_start, room_1, room_2, room_3, room_4, room_5, room_6,
          room_7, room_8, room_9, room_10, room_11, room_12, room_13, room_14,
          room_15, room_16, room_17, room_18, room_19, room_20, room_21,
          room_22, room_23, room_24, room_25, room_26, room_27]

Skill      XL: |  1  2  3  4  5  6  7  8  9 10 11 12 |
---------------+-------------------------------------+-----
Axes           | 9 14 16 17 18 | 18.0
Fighting       | 9 10 11 14 17 19 22 | 22.9
Shields        | 5 10 14 17 21 22 | 22.0
Armour         | 8 10 | 10.0
Evocations     | 1 |  1.3

Action                   |  1- 3 |  4- 6 |  7- 9 | 10-12 || total
-------------------------+-------+-------+-------+-------++-------
Melee: Broad axe         |     3 |     1 |    25 |    54 ||    83
       Headbutt          |     1 |       |     3 |     8 ||    12
Invok: Potion Petition   |       |       |       |     3 ||     3
  Use: Potion            |     1 |       |       |       ||     1
 Stab: Invisible         |       |       |       |     8 ||     8
Armor: Gold dragon scale |     1 |       |     6 |    17 ||    24
       Plate armour      |       |       |       |     1 ||     1
Dodge: Dodged            |       |       |       |     1 ||     1
Block: Kite shield       |     7 |       |    20 |    71 ||    98
